AoeStats
← sergi234

Arena

509710079Analyzed
3v3 RM · 6d ago on Sep 27, 2026· 40m 41s· 6 players
Game mode
Random Map
Map size
Normal (6 player)
Population
200
Speed
Normal
Resources
Standard
Victory
Conquest
Starting age
Dark Age
Ending age
Imperial Age
RankedLock teamsTeams togetherTeam positionsShared explorationLock speedFull tech treeHidden civsTurbo modeCheats
Victory
Defeat
🇨🇱 Celts · Chile
917
+12
🇪🇸 Teutons · Spain
895
+13
🇫🇷 Spanish · France
808
+17
🇦🇷 Britons · Argentina
855
-15
🇦🇷 Spanish · Argentina
838
-14
🇦🇷 Franks · Argentina
793
-13
sergi234
11:07 Feudal Age
12:17 Double-Bit Axe
15:49 Castle Age
14:59 Loom
19:01 Bow Saw
20:11 Wheelbarrow
19:57 Horse Collar
22:29 Heavy Plow
23:09 Scale Barding Armor
24:42 Gold Mining
24:47 Stone Mining
25:35 Forging
26:12 Bloodlines
26:09 Scale Mail Armor
26:52 Hand Cart
31:36 Imperial Age
31:02 Iron Casting
32:19 Masonry
32:17 Capped Ram
32:22 Cavalier
33:42 Chain Barding Armor
34:22 Blast Furnace
35:05 Stone Shaft Mining
35:11 Conscription
34:57 Paladin
36:14 Crop Rotation
36:45 Two-Man Saw
38:17 Hoardings
40:38 Plate Barding Armor
41:00 Ballistics
40:37 Fletching
Milvago_Chimango
10:31 Feudal Age
14:35 Castle Age
12:44 Double-Bit Axe
16:12 Wheelbarrow
15:54 Horse Collar
16:29 Bow Saw
21:50 Heavy Plow
21:38 Loom
23:15 Town Watch
23:52 Hand Cart
24:00 Gold Mining
24:49 Stone Mining
25:34 Gold Shaft Mining
26:04 Town Patrol
30:15 Imperial Age
29:53 Scale Mail Armor
30:05 Forging
31:05 Capped Ram
33:04 Stone Shaft Mining
33:04 Gold Shaft Mining
33:03 Siege Ram
34:04 Elite Woad Raider
35:31 Chain Mail Armor
35:51 Iron Casting
36:00 Conscription
37:47 Plate Mail Armor
39:22 Blast Furnace
chazychaz
10:50 Feudal Age
14:30 Castle Age
12:16 Horse Collar
13:02 Double-Bit Axe
15:55 Bow Saw
21:47 Wheelbarrow
21:20 Stone Mining
21:38 Padded Archer Armor
23:19 Stone Shaft Mining
24:04 Hand Cart
23:36 Town Watch
24:56 Leather Archer Armor
25:10 Heavy Plow
25:07 Gold Mining
26:38 Scale Barding Armor
27:06 Loom
30:57 Imperial Age
28:45 Husbandry
29:39 Bloodlines
30:18 Chain Barding Armor
31:16 Caravan
32:56 Two-Man Saw
32:53 Conscription
33:31 Ring Archer Armor
33:37 Plate Barding Armor
34:09 Ballistics
33:45 Murder Holes
34:52 Chemistry
33:49 Cavalier
35:04 Elite Conquistador
36:22 Hoardings
36:23 Fletching
36:44 Forging
37:03 Bodkin Arrow
37:11 Elite Skirmisher
37:57 Thumb Ring
40:22 Paladin
m4r7in4k7826
11:30 Feudal Age
15:20 Castle Age
13:16 Double-Bit Axe
15:48 Gold Mining
17:56 Horse Collar
18:51 Bow Saw
24:17 Heavy Plow
25:41 Stone Mining
28:56 Wheelbarrow
34:54 Imperial Age
32:40 Hand Cart
32:10 Town Watch
32:43 Hand Cart
32:17 Town Watch
32:18 Loom
33:51 Ballistics
33:47 Crossbowman
35:03 Padded Archer Armor
34:54 Fletching
35:08 Arbalester
37:15 Yeomen
39:00 Two-Man Saw
37:37 Pikeman
39:23 Onager
41:09 Leather Archer Armor
40:50 Bodkin Arrow
ElPapucho
12:29 Feudal Age
16:20 Gold Mining
23:09 Castle Age
22:23 Double-Bit Axe
23:57 Scale Barding Armor
23:55 Husbandry
27:45 Gold Shaft Mining
27:26 Bow Saw
26:51 Elite Skirmisher
27:34 Padded Archer Armor
31:56 Forging
32:00 Ordonnance Companies
34:55 Leather Archer Armor
35:07 Loom
Nukezito123
9:55 Loom
12:14 Feudal Age
13:30 Wheelbarrow
12:43 Double-Bit Axe
12:41 Horse Collar
13:02 Gold Mining
20:19 Castle Age
21:45 Hand Cart
23:59 Bow Saw
27:08 Town Watch
27:43 Forging
27:33 Scale Mail Armor
27:38 Scale Barding Armor
27:24 Fletching
27:34 Padded Archer Armor
27:34 Stone Mining
27:48 Heavy Plow
29:02 Ballistics
28:39 Murder Holes
32:38 Town Patrol
34:52 Leather Archer Armor
34:33 Bodkin Arrow
38:17 Redemption
Connection lost

Rejoining the realm…

Still unreachable

The connection could not be restored.

Session expired

The server has moved on; the page needs a fresh start.